 Dungeon Crawl Stone Soup version bcrawl-1.37.1 (webtiles) character file.

Game seed: 9030217695016273101

398062 diana the Basher (level 11, -19/102 HPs)
             Began as a Sand Dwarf Gladiator on Oct 16, 2022.
             Was a High Priest of Cheibriados.
             Demolished by a minotaur
             ... wielding an uncursed staff of cold
              (38 damage)
             ... in a Gauntlet.
             The game lasted 00:19:38 (9966 turns).

diana the Basher (Sand Dwarf Gladiator)             Turns: 9966, Time: 00:19:39

Health: -19/102    AC: 11    Str: 36    XL:     11   Next: 84%
Magic:  11/11      EV: 23    Int: 23    God:    Cheibriados [*****.]
Gold:   683        SH:  0    Dex: 26    Spells: 10/10 levels left

rFire    + . .     GDR:     42% J - +1 flail (pain)
rCold    . . .     SeeInvis .   (shield restricted)
rNeg     . . .     Gourm    .   n - +0 scale mail
rPois    .         Faith    +   c - +0 helmet
rElec    .         Spirit   .   (no cloak)
rCorr    .         Reflect  .   (no gloves)
MR       ++...     Clarity  +   I - +0 pair of boots (curse) Stlth +.........NoTele +
                                K - amulet of faith
HPRegen  0.27/turn              l - ring of protection from fire
MPRegen  0.12/turn              k - ring of protection from magic

@: very slow
A: small, slowness 1, armour attunement
a: Bend Time, Defer, Temporal Distortion, Step From Time, Renounce Religion


You were in a Gauntlet.
You worshipped Cheibriados.
Cheibriados was extremely pleased with you.
You were very hungry.

You visited 3 branches of the dungeon, and saw 11 of its levels.
You also visited: Ossuary and Gauntlet.

You collected 683 gold pieces.

Inventory:

Hand Weapons
 b - a +4 mace of freezing
 J - a +1 flail of pain (weapon)
Missiles
 d - 3 throwing nets {=f}
Armour
 c - a +0 helmet (worn)
 n - a +0 scale mail (worn)
 I - a cursed +0 pair of boots (worn)
 M - the +0 cloak of Activism {+Blink rCorr Int-5 Dex-4}
   (You found it in a Gauntlet)

   It affects your intelligence (-5).
   It affects your dexterity (-4).
   It lets you blink.
   It provides partial protection from all sources of acid and corrosion.
Jewellery
 h - a +6 ring of intelligence
 k - a ring of protection from magic (right hand)
 l - a ring of protection from fire (left hand)
 K - an amulet of faith (around neck)
 L - the cursed amulet "Qacvul" {Faith Int+2}
   (You found it in a Gauntlet)

   [amulet of faith]

   It allows you to gain divine favour quickly.
   It affects your intelligence (+2).
   It has a curse placed upon it.
Wands
 A - a wand of acid (8)
 F - a wand of paralysis (6)
 H - a wand of flame (10)
Scrolls
 g - 7 scrolls of remove curse
 j - 3 scrolls of teleportation
 m - 4 scrolls of fear
 o - 3 scrolls of blinking
 p - a scroll of amnesia {unknown}
 x - a scroll of enchant armour {unknown}
 y - 3 scrolls of enchant weapon
 z - 2 scrolls of immolation
 C - a scroll of fog {unknown}
 D - a scroll of brand weapon {unknown}
 G - a scroll of torment {unknown}
Potions
 a - 2 potions of ambrosia {unknown}
 f - 2 potions of heal wounds
 q - a potion of cancellation {unknown}
 r - 4 potions of flight
 s - 5 potions of curing
 t - a potion of berserk rage
 u - 7 potions of agility
 v - a potion of resistance {unknown}
 w - 2 potions of brilliance {unknown}
 B - 2 potions of magic {unknown}
 E - 3 potions of might
Comestibles
 e - 10 rations {!d}


   Skills:
 + Level 11.5 Fighting
 + Level 13.4 Maces & Flails
 - Level 2.0 Throwing
 + Level 10.9 Armour
 + Level 8.2 Dodging


You had 10 spell levels left.
You didn't know any spells.
Your spell library contained the following spells:

 Spells                   Type           Power        Failure   Level  Hunger
 Sting                    Conj/Pois      #...         16%         1    None
 Ensorcelled Hibernation  Hex/Ice        #.....       24%         2    ####...
 Shock                    Conj/Air       #......      24%         2    ####...
 Bolt of Magma            Conj/Fire/Erth #.........   99%         5    #######
 Iskenderun's Battlesphe  Conj/Chrm      #.......     99%         5    #######
 Borgnjor's Vile Clutch   Necr/Erth      #.........   100%        6    #######
 Darkness                 Hex            #.........   100%        6    #######
 Infestation              Hex/Tmut/Pois  #........    100%        6    #######
 Orb of Destruction       Conj           #.........   100%        7    #######
 Shadow Creatures         Summ           N/A          100%        7    #######
 Time Stop                Chrm/Tloc      N/A          100%        8    #######


Dungeon Overview and Level Annotations

Branches:
Dungeon (9/12)             Temple (1/1) D:6            Lair (1/6) D:7
    Orc (0/1) D:8

Altars:
Cheibriados
Gozag
Kikubaaqudgha
Makhleb
Wu Jian
Xom
The Shining One

Annotations:
D:4 3 runed translucent doors, SansUndertale's ghost, amateur NaSA Gauntlet 6 transporters


Innate Abilities, Weirdness & Mutations

You are small and have problems with some larger weapons.
You cover ground slowly.
Armour does not affect your spellcasting.


Message History

The minotaur is moderately wounded.
The minotaur hits you with an uncursed staff of cold!!
* * * LOW HITPOINT WARNING * * *
The minotaur freezes you!
* * * LOW HITPOINT WARNING * * *
The minotaur gores you.
* * * LOW HITPOINT WARNING * * *
No path to travel!
You feel much better. The minotaur completely misses you.
The minotaur gores you!!
* * * LOW HITPOINT WARNING * * *
You sock the minotaur!
The minotaur is moderately wounded.
You hit the minotaur.
The minotaur is heavily wounded.
The minotaur misses you. x2
You barely miss the minotaur.
The minotaur is heavily wounded.
The minotaur hits you with an uncursed staff of cold!!!
You die...

#..#..#...≈≈
######.©#..#©..≈.
#...##..#..#.≈.≈≈
#.#.##..#..#..≈..
#.#.....#..#≈≈.≈≈
#.#.##..#..#(...≈ ###+
#...##..#..######
##..⌠.##.#.##..#8.......
:'⌠...H@.#.....#⌠.......
##...∩##.#.##..#8.......
#.⌠. #...##..#..######
##+ #.#.##..#..#.....
#.#.....#..#...##
#.#.##..#..#....# #..
#..#..#)#..# ###
#.©#..#©.###
#..#..#[#..#


You could see a minotaur.

Vanquished Creatures
  Psyche (D:9)
  A hydra (Lair:1)
  2 glowing orange brains (Gauntlet)
  An unseen horror (D:8)
  An obsidian statue (Gauntlet)
  A wolf spider zombie (D:8)
  An ugly thing (Gauntlet)
  A komodo dragon (Lair:1)
  An ice devil (Gauntlet)
  A troll (D:8)
  A hornet (D:9)
  A harpy skeleton (D:9)
  A hippogriff (D:8)
  8 yaks
  A wraith (Ossuary)
  A basilisk (D:7)
  4 hungry ghosts
  Menkaure (D:7)
  2 water moccasins
  Duvessa (D:7)
  3 crocodiles (D:7)
  4 porcupines (D:7)
  2 ice beasts (D:8)
  A black bear (D:7)
  2 phantoms
  2 ogres
  6 bullfrogs
  A kobold brigand (D:7)
  A gnoll sergeant (D:8)
  Dowan (D:7)
  2 scorpions
  5 killer bees (D:8)
  5 orc priests (D:7)
  5 wights (D:7)
  5 crimson imps
  6 jellies
  2 human zombies (Ossuary)
  6 orc wizards
  3 hounds
  A bullfrog skeleton (D:4)
  An iguana (D:4)
  Terence (D:3)
  6 worker ants
  8 ogre zombies (D:8)
  4 mummies
  2 worker ant zombies
  A howler monkey zombie (D:7)
  5 gnolls (D:8)
  7 adders
  3 white imps (Gauntlet)
  5 oozes (D:8)
  An adder skeleton (D:4)
  7 worms
  4 dart slugs
  3 leopard geckos
  20 orcs
  A ball python (D:3)
  A bat zombie (D:8)
  5 giant cockroaches
  A gnoll zombie (Ossuary)
  4 goblins
  5 hobgoblins
  15 jackals
  13 kobolds
  4 quokkas
  5 bats
  2 frilled lizards (D:2)
  10 goblin zombies
  3 hobgoblin skeletons (D:8)
  5 hobgoblin zombies
  A jackal skeleton (D:5)
  A jackal zombie (D:1)
  4 kobold zombies
  3 orc skeletons (D:8)
  9 orc zombies (D:8)
  A quokka zombie (D:1)
  13 rats
  A rat zombie (D:8)
280 creatures vanquished.

Vanquished Creatures (others)
  A bush (D:7)
  3 fungi (D:7)
  21 plants (D:7)
25 creatures vanquished.

Grand Total: 305 creatures vanquished

Notes
Turn   | Place    | Note
-------+----------+-------------------------------------------
     0 | D:1      | diana the Sand Dwarf Gladiator began the quest for the Orb.
     0 | D:1      | Reached XP level 1. HP: 19/19 MP: 1/1
   163 | D:1      | Reached XP level 2. HP: 22/27 MP: 2/2
   257 | D:1      | Reached skill level 1 in Armour
   554 | D:1      | Reached XP level 3. HP: 33/33 MP: 3/3
  1254 | D:2      | Reached skill level 5 in Maces & Flails
  1338 | D:2      | Found a glowing golden altar of the Shining One.
  1424 | D:2      | Found a shimmering altar of Xom.
  1916 | D:3      | Reached XP level 4. HP: 33/40 MP: 4/4
  2014 | D:3      | Noticed Terence
  2054 | D:3      | Killed Terence
  2055 | D:3      | Reached XP level 5. HP: 13/47 MP: 5/5
  2415 | D:3      | Reached skill level 6 in Maces & Flails
  2421 | D:3      | Reached skill level 5 in Fighting
  2421 | D:3      | Reached XP level 6. HP: 40/56 MP: 6/6
  3052 | D:4      | HP: 2/56 [bullfrog skeleton (2)]
  3109 | D:3      | Reached XP level 7. HP: 23/61 MP: 7/7
  3241 | D:4      | Found a runed translucent gate.
  3272 | D:4      | Found a runed translucent gate.
  3272 | D:4      | Noticed SansUndertale's ghost (amateur NaSA)
  3273 | D:4      | Found a runed translucent gate.
  3387 | D:4      | Reached skill level 7 in Maces & Flails
  3975 | D:5      | Entered Level 5 of the Dungeon
  4301 | D:5      | Reached XP level 8. HP: 61/70 MP: 8/8
  4758 | D:6      | Found a staircase to the Ecumenical Temple.
  4773 | D:6      | Reached skill level 5 in Armour
  4778 | Temple   | Entered the Ecumenical Temple
  4788 | Temple   | Became a worshipper of Cheibriados the Contemplative
  4856 | D:6      | Found a sand-covered staircase.
  4866 | Ossuary  | Entered an ossuary
  4866 | Ossuary  | Noticed a wraith
  4866 | Ossuary  | Noticed a wraith
  4866 | Ossuary  | Noticed a wraith
  5193 | Ossuary  | Noticed a wraith
  5218 | Ossuary  | Killed a wraith
  5219 | Ossuary  | Reached skill level 8 in Maces & Flails
  5471 | D:6      | Reached * piety under Cheibriados
  5941 | D:6      | Reached skill level 5 in Dodging
  6376 | D:7      | Reached skill level 9 in Maces & Flails
  6509 | D:7      | Reached XP level 9. HP: 63/79 MP: 9/9
  6645 | D:7      | Noticed Duvessa
  6645 | D:7      | Noticed Dowan
  6658 | D:7      | Killed Duvessa
  6658 | D:7      | Reached ** piety under Cheibriados
  6666 | D:7      | Killed Dowan
  6861 | D:7      | Noticed Menkaure
  6871 | D:7      | Killed Menkaure
  7022 | D:7      | Reached skill level 10 in Maces & Flails
  7438 | D:7      | Reached XP level 10. HP: 61/91 MP: 10/10
  7594 | D:7      | Found a staircase to the Lair.
  7612 | D:7      | Reached *** piety under Cheibriados
  7613 | D:7      | Reached skill level 11 in Maces & Flails
  8015 | D:8      | Killed an unseen horror
  8185 | D:8      | Reached skill level 10 in Fighting
  8211 | D:8      | Found a staircase to the Orcish Mines.
  8242 | D:8      | Reached **** piety under Cheibriados
  8285 | D:8      | Reached skill level 12 in Maces & Flails
  8321 | D:8      | Reached XP level 11. HP: 32/101 MP: 11/11
  8524 | D:8      | Reached ***** piety under Cheibriados
  8959 | D:8      | Reached skill level 10 in Armour
  9156 | D:8      | Found an ancient bone altar of Kikubaaqudgha.
  9333 | D:9      | Noticed Psyche
  9344 | D:9      | Killed Psyche
  9474 | Lair:1   | Entered Level 1 of the Lair of Beasts
  9474 | Lair:1   | Noticed a four-headed hydra
  9490 | Lair:1   | Killed a four-headed hydra
  9491 | Lair:1   | Reached skill level 13 in Maces & Flails
  9527 | Lair:1   | Found a gate leading to a gauntlet.
  9537 | Gauntlet | Entered a Gauntlet
  9537 | Gauntlet | Found a transporter.
  9537 | Gauntlet | Found a transporter.
  9587 | Gauntlet | Found a transporter.
  9591 | Gauntlet | Found a transporter.
  9601 | Gauntlet | Found a transporter.
  9605 | Gauntlet | Found a transporter.
  9614 | Gauntlet | Noticed a great orb of eyes
  9615 | Gauntlet | Found a transporter.
  9615 | Gauntlet | Noticed a red ugly thing
  9625 | Gauntlet | Noticed a cyan ugly thing
  9632 | Gauntlet | Noticed a glowing orange brain
  9636 | Gauntlet | Found a transporter.
  9636 | Gauntlet | Noticed a glowing orange brain
  9650 | Gauntlet | Noticed a purple ugly thing
  9653 | Gauntlet | Found a transporter.
  9657 | Gauntlet | Found a transporter.
  9658 | Gauntlet | Noticed an obsidian statue
  9669 | Gauntlet | Found a transporter.
  9671 | Gauntlet | Found a transporter.
  9864 | Gauntlet | Killed an obsidian statue
  9869 | Gauntlet | Got a pitted platinum amulet
  9896 | Gauntlet | Killed a glowing orange brain
  9908 | Gauntlet | Killed a purple ugly thing
  9914 | Gauntlet | Killed a glowing orange brain
  9921 | Gauntlet | Got a shimmering cloak
  9927 | Gauntlet | Identified the +0 cloak of Activism {+Blink rCorr Int-5
                  | Dex-4} (You found it in a Gauntlet)
  9938 | Gauntlet | Identified Goastruck's Collected Works on Arcane Weapons
                  | and Fire
  9945 | Gauntlet | Identified the cursed amulet "Qacvul" {Faith Int+2} (You
                  | found it in a Gauntlet)
  9955 | Gauntlet | Noticed a minotaur
  9966 | Gauntlet | Demolished by a minotaur

Skill      XL: |  1  2  3  4  5  6  7  8  9 10 11 |
---------------+----------------------------------+-----
Armour         | 1 2 3 4 6 8 9 10 | 10.9
Fighting       | 4 5 6 7 9 10 11 | 11.5
Maces & Flails | 5 6 7 9 10 12 13 | 13.4
Dodging        | 3 4 5 6 7 8 |  8.2
Throwing       | |  2.0

Action                   |  1- 3 |  4- 6 |  7- 9 | 10-12 || total
-------------------------+-------+-------+-------+-------++-------
Melee: Flail             |   120 |   154 |   467 |   412 ||  1153
Evoke: Wand              |       |       |     3 |       ||     3
  Use: Potion            |       |     1 |     1 |     1 ||     3
       Scroll            |       |     1 |       |    10 ||    11
  Eat: Chunk             |     7 |     7 |    11 |    11 ||    36
       Ration            |       |       |     4 |     2 ||     6
Armor: Leather armour    |    32 |       |       |       ||    32
       Scale mail        |     8 |    52 |   119 |   123 ||   302
Dodge: Dodged            |    97 |   124 |   284 |   400 ||   905
